 Dungeon Crawl Stone Soup version 0.18.1-48-g4cf74bf (webtiles) character file.

350 Mellonil the Skirmisher (level 6, -2/60 HPs)
             Began as a Tengu Berserker on Aug 20, 2016.
             Was a Priest of Trog.
             Shot with an arrow by a centaur (9 damage)
             ... on level 4 of the Dungeon.
             The game lasted 00:14:28 (2819 turns).

Mellonil the Skirmisher (Tengu Berserker)           Turns: 2819, Time: 00:14:28

Health: -2/60      AC:  8    Str: 24    XL:     6   Next: 61%
Magic:  7/7        EV: 13    Int:  7    God:    Trog [***...]
Gold:   148        SH:  0    Dex: 14    Spells: 0 memorised, 5 levels left

rFire  + . .     SeeInvis .     t - +0 hand axe (freeze)
rCold  . . .     Gourm    .     f - +1 ring mail {rF+}
rNeg   . . .     Faith    .     (no shield)
rPois  .         Spirit   .     (helmet restricted)
rElec  .         Dismiss  .     b - +0 cloak (curse)
rCorr  .         Reflect  .     (no gloves)
SustAt .         Harm     .     (boots unavailable)
MR     .....                    (no amulet)
Stlth  ..........               (no ring)
                                (no ring)

@: berserking, very quick, not resistant to hostile enchantments, extremely
unstealthy
A: beak, talons 3, able to fly 1
a: Fly, Berserk, Trog's Hand, Burn Spellbooks, Renounce Religion


You were on level 4 of the Dungeon.
You worshipped Trog.
Trog was most pleased with you.
You were hungry.

You visited 1 branch of the dungeon, and saw 4 of its levels.

You collected 148 gold pieces.

Inventory:

Hand Weapons
 t - a +0 hand axe of freezing (weapon)
Armour
 b - a cursed +0 cloak (worn)
 f - a +1 ring mail of fire resistance (worn)
Jewellery
 m - an uncursed ring of ice {unknown}
 r - an uncursed amulet of magic regeneration {unknown}
Wands
 u - a wand of lightning (6/15)
Scrolls
 a - a scroll of amnesia {unknown}
 d - 2 scrolls of teleportation {unknown}
 g - 2 scrolls of enchant weapon {unknown}
 j - 2 scrolls of noise {unknown}
 l - 3 scrolls of remove curse {unknown}
 n - 6 scrolls of identify {unknown}
 o - a scroll of enchant armour {unknown}
 s - a scroll of immolation {unknown}
Potions
 e - a potion of might {unknown}
 h - 2 potions of curing {unknown}
 p - a potion of beneficial mutation {unknown}
 q - a potion of mutation {unknown}
Comestibles
 c - 2 bread rations
 i - 8 chunks of flesh
 k - 2 meat rations


   Skills:
 * Level 5.0 Fighting
 + Level 4.5 Axes
 + Level 3.7 Armour
 + Level 4.1 Dodging


You had 5 spell levels left.
You didn't know any spells.

Dungeon Overview and Level Annotations

Branches:
Dungeon (4/15)
 Temple: D:4-7

Altars:
Cheibriados
Dithmenos
Okawaru
Pakellas

Annotations:
D:3 Sigmund


Innate Abilities, Weirdness & Mutations

You have a beak for a mouth.
You have claws for feet.
You can fly.


Message History

The centaur shoots an arrow.
The arrow closely misses you.
Some of the chunks of flesh in your inventory have rotted away.
You completely miss the ogre. The ogre hits you with a giant club!!
The centaur shoots an arrow.
The arrow hits you.
You completely miss the ogre. Your kick misses the ogre.
Your peck misses the ogre.
The centaur shoots an arrow.
The arrow hits you.
* * * LOW HITPOINT WARNING * * *
You slash the ogre! You freeze the ogre. You claw the ogre!
The ogre is almost dead.
The ogre barely misses you.
The centaur shoots an arrow.
The arrow barely misses you.
You slash the ogre! You freeze the ogre.
You kill the ogre!
Trog accepts your kill.
Your Fighting skill increases to level 5!
Your Dodging skill increases to level 4!
The centaur shoots an arrow.
The arrow hits you!
* * * LOW HITPOINT WARNING * * *
The centaur shoots an arrow.
The arrow hits you!
You die...

#..................
#..................
#..#.#............#
##.##<#.#.###.......
#......#..# ##..####
##.##..#..###.......
####(..............
#######(..............>
#.....@................
#............#.........
#....>....#............
#......#.....#.........
#....................##
#...c......#######..##
#..........# #..#
#..<.......# ####


You could see a centaur.

Vanquished Creatures
  An ogre (D:4)
  A howler monkey (D:4)
  A hound (D:4)
  Jessica (D:3)
  Ijyb (D:3)
  A howler monkey skeleton (D:3)
  6 adders
  A shadow imp (D:4)
  An ooze (D:2)
  2 worms (D:3)
  3 giant geckos
  4 orcs
  2 ball pythons
  A giant cockroach (D:2)
  12 goblins
  7 hobgoblins
  3 jackals (D:1)
  5 kobolds
  A quokka (D:3)
  3 bats
  3 giant newts
  7 rats
67 creatures vanquished.

Notes
Turn   | Place    | Note
--------------------------------------------------------------
     0 | D:1      | Mellonil the Tengu Berserker began the quest for the Orb.
     0 | D:1      | Reached XP level 1. HP: 14/14 MP: 2/2
   278 | D:1      | Reached XP level 2. HP: 19/19 MP: 3/3
   755 | D:1      | Reached XP level 3. HP: 19/23 MP: 4/4
  1137 | D:1      | Reached ** piety under Trog
  1336 | D:2      | Reached XP level 4. HP: 23/29 MP: 5/5
  1622 | D:2      | Reached skill level 4 in Fighting
  1748 | D:2      | Found an oddly glowing altar of Pakellas.
  1748 | D:2      | Found a shadowy altar of Dithmenos.
  1749 | D:2      | Found an iron altar of Okawaru.
  1986 | D:3      | Noticed Jessica
  2025 | D:3      | Killed Jessica
  2025 | D:3      | Gained mutation: You can fly. [Tengu growth]
  2025 | D:3      | Reached XP level 5. HP: 33/33 MP: 6/6
  2430 | D:3      | Noticed Ijyb
  2455 | D:3      | Killed Ijyb
  2523 | D:3      | Found a snail-covered altar of Cheibriados.
  2605 | D:3      | Noticed Sigmund
  2679 | D:4      | Reached XP level 6. HP: 34/39 MP: 7/7
  2798 | D:4      | Reached *** piety under Trog
  2818 | D:4      | Reached skill level 5 in Fighting
  2819 | D:4      | Shot with an arrow by a centaur

Skill      XL: |  1  2  3  4  5  6 |
---------------+-------------------+-----
Dodging        | 3 4 |  4.1
Fighting       | 4 5 |  5.0
Axes           | 4 |  4.5
Armour         | 3 |  3.7

Action                   |  1- 3 |  4- 6 || total
-------------------------+-------+-------++-------
Melee: Hand axe          |    87 |   135 ||   222
       Kick              |    20 |    31 ||    51
       Peck              |    13 |    24 ||    37
Invok: Berserk           |       |     1 ||     1
 Stab: Sleeping          |     1 |       ||     1
  Eat: Chunk             |     1 |     5 ||     6
Armor: Animal skin       |     1 |       ||     1
       Ring mail         |    23 |    35 ||    58
Dodge: Dodged            |    44 |    63 ||   107
